 Dungeon Crawl Stone Soup version 0.28-a0-1510-gd0f6b136d3 (webtiles) character file.

Game seed: 15706833388097907471

39 SmokeWeed the Caller (level 3, -1/21 HPs)
             Began as an Octopode Summoner on Jan 15, 2022.
             Succumbed to a goblin's poison
             ... on level 2 of the Dungeon.
             The game lasted 00:05:27 (2056 turns).

SmokeWeed the Caller (Octopode Summoner)            Turns: 2056, Time: 00:05:28

Health: -1/21      AC:  1    Str:  9    XL:     3   Next: 45%
Magic:  5/6        EV: 13    Int: 17    God:
Gold:   77         SH:  0    Dex: 12    Spells: 5/6 levels left

rFire   + . .      SeeInvis .   o - +0 short sword
rCold   x . .      Faith    .   (no shield)
rNeg    . . .      Spirit   .   (helmet restricted)
rPois   .          Reflect  .   (no amulet)
rElec   .          Harm     .   e - ring of fire
rCorr   .          Rampage  .   (no ring)
Will    .....                   (no ring)
Stlth   +++.......              (no ring)
HPRegen 0.07/turn               (no ring)
MPRegen 0.10/turn               (no ring)
                                (no ring)
                                (no ring)

@: lethally poisoned (-1 -> -20), very slightly contaminated
A: almost no armour, amphibious, 8 rings, camouflage 1, gelatinous body 1,
(nimble swimmer 1), tentacles
a: no special abilities


You were on level 2 of the Dungeon.
You visited 1 branch of the dungeon, and saw 2 of its levels.

You collected 77 gold pieces.

Inventory:

Hand Weapons
 f - a +0 whip
 h - a +0 club
 l - a +0 hand axe
 m - a +0 dagger
 o - a +0 short sword (weapon)
Missiles
 a - 7 bolts
 c - 2 boomerangs of dispersal (quivered)
 d - 19 sling bullets
 g - 40 stones
 j - 18 arrows
Jewellery
 e - a ring of fire (left tentacle)
Scrolls
 b - a scroll of fear
Potions
 i - 2 potions of degeneration
 n - a potion of heal wounds


   Skills:
 + Level 0.2 Fighting
 + Level 0.2 Short Blades
 + Level 2.0 Dodging
 + Level 3.1 Stealth
 + Level 2.4 Spellcasting
 + Level 4.6 Summonings


You had 5 spell levels left.
You knew the following spells:

 Your Spells              Type           Power      Damage    Failure   Level
a - Summon Small Mammal   Summ           68%        N/A       2%          1

Your spell library contained the following spells:

 Spells                   Type           Power      Damage    Failure   Level
 Call Imp                 Summ           17%        N/A       4%          2
 Call Canine Familiar     Summ           17%        N/A       9%          3
 Summon Guardian Golem    Hex/Summ       10%        N/A       22%         3
 Summon Lightning Spire   Summ/Air       10%        N/A       56%         4


Dungeon Overview and Level Annotations

Branches:
Dungeon (2/15)

Altars:


Innate Abilities, Weirdness & Mutations

You cannot wear most types of armour.
You are amphibious.
You can wear up to eight rings at the same time.
Your skin changes colour to match your surroundings (Stealth+).
Your rubbery body absorbs attacks. (AC +1, EV +1)
((You are camouflaged when in or above water. (Stealth+)))
You have tentacles for arms and can constrict up to eight enemies at once.


Message History

The ball python hisses angrily.
The ball python bites you. The ball python grabs you.
The ball python constricts you.
You barely miss the ball python. Your grab misses the ball python.
Your tentacle-slap misses the ball python.
The ball python bites you. The ball python constricts you.
The ball python bites you. The ball python constricts you.
You hit the ball python. Your grab misses the ball python.
The ball python is severely wounded.
The ball python closely misses you. The ball python constricts you.
You hit the ball python.
You kill the ball python!
Found 18 arrows.
A goblin comes into view. It is wielding a +0 club.
The goblin hits you with a +0 club.
You see here 18 arrows.
You hit the goblin.
You kill the goblin!
You see here a +0 club.
You see here 18 arrows.
j - 18 arrows You see here a +0 club.
You see here a +0 club.
Found a stone staircase leading down.
There is a stone staircase leading down here.
A goblin comes into view. It is wielding a +2 dagger of venom.
The goblin shouts!
The goblin hits you with a +2 dagger of venom.
You are lethally poisoned!
Casting: Summon Small Mammal (safe; 2% risk of failure)
Confirm with . or Enter, or press ? or * to list all spells.
You miscast Summon Small Mammal.
You are very lightly contaminated with residual magic.
Nothing appears to happen.
You feel very sick.
The goblin hits you with a +2 dagger of venom.
You are more poisoned.
* * * LOW HITPOINT WARNING * * *
You feel very sick.
You die...

# #############
#..........##
#..........##
#######............
#....###########.##
##@#...............
#.#.###########.##
#g#>..............
#.########........
*** #.# #.........
*,**#.#**
#.........
*,,,...,*
#.........
*,**#S.**
#.######## *,* #..*
#.#


You could see an adder (wandering) and a goblin.

Vanquished Creatures
  An adder (D:2)
  3 bats
  3 endoplasms
  3 hobgoblins
  A quokka (D:2)
  2 ball pythons
  2 goblins
  3 rats (D:2)
18 creatures vanquished.

Vanquished Creatures (collateral kills)
  2 endoplasms (D:1)
  2 goblins (D:1)
  A hobgoblin (D:1)
  4 kobolds (D:1)
  A frilled lizard (D:1)
10 creatures vanquished.

Grand Total: 28 creatures vanquished

Notes
Turn   | Place    | Note
-------+----------+-------------------------------------------
     0 | D:1      | SmokeWeed the Octopode Summoner began the quest for the
                  | Orb.
     0 | D:1      | Reached XP level 1. HP: 11/11 MP: 3/3
   362 | D:1      | Reached XP level 2. HP: 17/17 MP: 3/5
  1105 | D:1      | Found a faded altar of an unknown god.
  1239 | D:2      | Reached XP level 3. HP: 21/21 MP: 3/6
  2056 | D:2      | Succumbed to a goblin's poison

Illustrated notes

Levels and vault maps discovered:
D:1:      matt_arrival_refuge, layout_loops_cross,
          shapermc_ecumenical_altar_acropolis
D:2:      layout_basic

Skill      XL: |  1  2 |
---------------+-------+-----
Stealth        | 3 |  3.1
Fighting       | |  0.2
Short Blades   | |  0.2
Dodging        | |  2.0
Spellcasting   | |  2.4
Summonings     | |  4.6

Action                   || total
-------------------------++-------
Melee: Short sword       ||    28
       Whip              ||     6
       Constrict         ||     6
       Tentacles         ||     5
Throw: Boomerang         ||     3
 Cast: Summon Small Mamm ||    36
  Use: Scroll            ||     7
 Stab: Sleeping          ||     6
Armor: Skin              ||     1
Dodge: Dodged            ||    28

Table legend: (Time is in decaauts)
 A = Elapsed time spent in this place.
 B = Non-inter-level travel time spent in this place.
 C = Inter-level travel time spent in this place.
 D = Time resting spent in this place.
 E = Time spent auto-exploring this place.
 F = Levels seen in this place.
 G = Mean time per level.
                   A        B        C        D        E       F      G
               +--------+--------+--------+--------+--------+-----+--------+
         Total |   2057 |   2033 |     24 |    307 |   1322 |   2 | 1028.5 |
       Dungeon |   2057 |   2033 |     24 |    307 |   1322 |   2 | 1028.5 |
               +--------+--------+--------+--------+--------+-----+--------+

Top non-repeatable levels by time:
     D:1: 1163 daAuts
     D:2: 893 daAuts
